3AAA
SIOUX FALLS RED PANDAS @ VERMONT LAKE MONSTERS
09/13/2025
 
TOP OF THE 1ST
Sioux Falls Red Pandas batting - Pitching for Vermont Lake Monsters : RHP Jurgen Sagebrecht
Pitching: RHP Jurgen Sagebrecht
Batting: RHB Logan Namajunas 0-0: Ball
1-0: Ball
2-0: Called Strike
2-1: Swinging Strike
2-2: Strikes out swinging
Batting: LHB David Martínez 0-0: Ball
1-0: Fly out, F3 (Line Drive, 3)
Batting: LHB Armando Becerra 0-0: Ball
1-0: DOUBLE (Line Drive, 78M)
Batting: RHB Eduardo Sánchez 0-0: Swinging Strike
0-1: Ball
1-1: Foul Ball, location: 2F
1-2: Ball
2-2: Ball
3-2: SINGLE (Line Drive, 7S)
Armando Becerra to third
Armando Becerra scores
Batting: RHB Jesús Vásquez 0-0: Swinging Strike
0-1: Foul Ball, location: 2F
0-2: Ball
1-2: Ball
Pickoff Throw by Catcher to First - Error! E2
Eduardo Sánchez to second
2-2: Fly out, F3 (Line Drive, 3)
Top of the 1st over - 1 run(s), 2 hit(s), 1 error(s), 1 left on base; Sioux Falls 1 - Vermont 0
BOTTOM OF THE 1ST
Vermont Lake Monsters batting - Pitching for Sioux Falls Red Pandas : RHP Louis Webber
Pitching: RHP Louis Webber
Batting: RHB Rafael Pueblo 0-0: Called Strike
0-1: Called Strike
0-2: Ball
1-2: Foul Ball, location: 2F
1-2: Ball
2-2: Fly out, F7 (Flyball, 7LM)
Batting: LHB Tim Hill 0-0: SINGLE (Line Drive, 15)
Batting: SHB Arturo Robles 0-0: Ball
1-0: DOUBLE (Line Drive, 7LM)
Tim Hill to third
Batting: RHB Sean MacKnight 0-0: Called Strike
0-1: Foul Ball, location: 2F
0-2: Ball
1-2: Foul Ball, location: 2F
1-2: Foul Ball, location: 2F
1-2: Ball
2-2: Ball
3-2: SINGLE (Line Drive, 6D)
Tim Hill scores
Arturo Robles to third
Batting: RHB Bronson Nicholls 0-0: Ball
1-0: Called Strike
1-1: Swinging Strike
1-2: Foul Ball, location: 2F
1-2: Foul Ball, location: 2F
1-2: Fly out, F8 (Flyball, 8LS)
Batting: RHB Domenic Gallard 0-0: Called Strike
0-1: Ball
1-1: Ball
2-1: Called Strike
2-2: Ball
3-2: Fly out, F9 (Flyball, 89M)
Bottom of the 1st over - 1 run(s), 3 hit(s), 0 error(s), 2 left on base; Sioux Falls 1 - Vermont 1
TOP OF THE 2ND
Sioux Falls Red Pandas batting - Pitching for Vermont Lake Monsters : RHP Jurgen Sagebrecht
Batting: RHB Gaston Waller 0-0: Ball
1-0: Called Strike
1-1: Called Strike
1-2: Ball
2-2: Foul Ball, location: 2F
2-2: Strikes out swinging
Batting: SHB Landon Lovelace 0-0: Fly out, F4 (Popup, 3D)
Batting: SHB Mauro López 0-0: Swinging Strike
0-1: Ground out 4-3 (Groundball, 4)
Top of the 2nd over - 0 run(s), 0 hit(s), 0 error(s), 0 left on base; Sioux Falls 1 - Vermont 1
BOTTOM OF THE 2ND
Vermont Lake Monsters batting - Pitching for Sioux Falls Red Pandas : RHP Louis Webber
Batting: RHB Barkley B. Cooltimes 0-0: Called Strike
0-1: Ball
1-1: Called Strike
1-2: Foul Ball, location: 2F
1-2: Strikes out looking
Batting: RHB Teddy Pelham 0-0: Ball
1-0: Called Strike
1-1: Swinging Strike
1-2: Ball
2-2: Ball
3-2: Strikes out swinging
Batting: RHB Fernando Castro 0-0: Ball
1-0: Called Strike
1-1: Ball
2-1: SINGLE (Groundball, 6) (infield hit)
Batting: RHB Rafael Pueblo 0-0: Ball
1-0: Ball
2-0: TRIPLE (Flyball, 89M)
Fernando Castro scores
Batting: LHB Tim Hill 0-0: Ground out 6-3 (Groundball, 6D)
Bottom of the 2nd over - 1 run(s), 2 hit(s), 0 error(s), 1 left on base; Sioux Falls 1 - Vermont 2
TOP OF THE 3RD
Sioux Falls Red Pandas batting - Pitching for Vermont Lake Monsters : RHP Jurgen Sagebrecht
Batting: LHB Dave Knight 0-0: Swinging Strike
0-1: Foul Ball, location: 2F
0-2: Ball
1-2: Ground out 4-3 (Groundball, 34)
Batting: RHB Logan Namajunas 0-0: Called Strike
0-1: Ground out 5-3 (Groundball, 5)
Batting: LHB David Martínez 0-0: Ball
1-0: Swinging Strike
1-1: Ground out 4-3 (Groundball, 4)
Top of the 3rd over - 0 run(s), 0 hit(s), 0 error(s), 0 left on base; Sioux Falls 1 - Vermont 2
BOTTOM OF THE 3RD
Vermont Lake Monsters batting - Pitching for Sioux Falls Red Pandas : RHP Louis Webber
Batting: SHB Arturo Robles 0-0: Called Strike
0-1: Ball
1-1: Called Strike
1-2: Foul Ball, location: 2F
1-2: Fly out, F9 (Flyball, 89S)
Batting: RHB Sean MacKnight 0-0: Ball
1-0: DOUBLE (Line Drive, 7LM)
Batting: RHB Bronson Nicholls 0-0: Called Strike
0-1: Ball
1-1: Ball
2-1: Called Strike
2-2: Ball
3-2: Foul Ball, location: 2F
3-2: Foul Ball, location: 2F
3-2: Fly out, F9 (Flyball, 9LSF)
Batting: RHB Domenic Gallard 0-0: Ball
1-0: Ground out 6-3 (Groundball, 6MD)
Bottom of the 3rd over - 0 run(s), 1 hit(s), 0 error(s), 1 left on base; Sioux Falls 1 - Vermont 2
TOP OF THE 4TH
Sioux Falls Red Pandas batting - Pitching for Vermont Lake Monsters : RHP Jurgen Sagebrecht
Batting: LHB Armando Becerra 0-0: Ball
1-0: Foul Ball, location: 2F
1-1: Foul Ball, location: 2F
1-2: Ball
2-2: Foul Ball, location: 2F
2-2: Ball
3-2: Ground out U3 (Groundball, 3)
Batting: RHB Eduardo Sánchez 0-0: Ball
1-0: Foul Ball, location: 2F
1-1: Foul Ball, location: 2F
1-2: Foul Ball, location: 2F
1-2: Foul Ball, location: 2F
1-2: Ball
2-2: Ball
3-2: DOUBLE (Flyball, 8LD) - OUT at third base trying to stretch hit.
Batting: RHB Jesús Vásquez 0-0: Ball
1-0: Foul Ball, location: 2F
1-1: Foul Ball, location: 2F
1-2: Ball
2-2: Foul Ball, location: 2F
2-2: Ball
3-2: Ground out 5-3 (Groundball, 56)
Top of the 4th over - 0 run(s), 1 hit(s), 0 error(s), 0 left on base; Sioux Falls 1 - Vermont 2
BOTTOM OF THE 4TH
Vermont Lake Monsters batting - Pitching for Sioux Falls Red Pandas : RHP Louis Webber
Batting: RHB Barkley B. Cooltimes 0-0: Called Strike
0-1: Swinging Strike
0-2: Ball
1-2: Strikes out looking
Batting: RHB Teddy Pelham 0-0: Foul Ball, location: 2F
0-1: Swinging Strike
0-2: Ball
1-2: Strikes out swinging
Batting: RHB Fernando Castro 0-0: Ball
1-0: Ball
2-0: Ground out 6-3 (Groundball, 6)
Bottom of the 4th over - 0 run(s), 0 hit(s), 0 error(s), 0 left on base; Sioux Falls 1 - Vermont 2
TOP OF THE 5TH
Sioux Falls Red Pandas batting - Pitching for Vermont Lake Monsters : RHP Jurgen Sagebrecht
Batting: RHB Gaston Waller 0-0: Swinging Strike
0-1: Ball
1-1: Ball
2-1: Fly out, F8 (Flyball, 8RS)
Batting: SHB Landon Lovelace 0-0: Foul Ball, location: 2F
0-1: Foul Ball, location: 2F
0-2: Foul Ball, location: 2F
0-2: Strikes out looking
Batting: SHB Mauro López 0-0: Ball
1-0: SINGLE (Line Drive, 6D)
Batting: LHB Dave Knight 0-0: Ball
1-0: Called Strike
1-1: Ball
Mauro López steals 2nd base
2-1: Foul Ball, location: 2F
2-2: Foul Ball, location: 2F
2-2: Ball
3-2: Strikes out looking
Top of the 5th over - 0 run(s), 1 hit(s), 0 error(s), 1 left on base; Sioux Falls 1 - Vermont 2
BOTTOM OF THE 5TH
Vermont Lake Monsters batting - Pitching for Sioux Falls Red Pandas : RHP Louis Webber
Batting: RHB Rafael Pueblo 0-0: Foul Ball, location: 2F
0-1: Called Strike
0-2: Ball
1-2: Ground out 6-3 (Groundball, 6S)
Batting: LHB Tim Hill 0-0: Ball
1-0: Ground out U3 (Groundball, 34)
Batting: SHB Arturo Robles 0-0: Called Strike
0-1: SINGLE (Groundball, 6D)
Batting: RHB Sean MacKnight 0-0: Called Strike
Arturo Robles is caught stealing 2nd base
Bottom of the 5th over - 0 run(s), 1 hit(s), 0 error(s), 0 left on base; Sioux Falls 1 - Vermont 2
TOP OF THE 6TH
Sioux Falls Red Pandas batting - Pitching for Vermont Lake Monsters : RHP Jurgen Sagebrecht
Batting: RHB Logan Namajunas 0-0: Ball
1-0: Called Strike
1-1: Reached on error, E9 (Flyball, 9S)
Batting: LHB David Martínez 0-0: Called Strike
0-1: Ball
1-1: Swinging Strike
1-2: Foul Ball, location: 2F
1-2: Foul Ball, location: 2F
1-2: Ground out 6-3 (Groundball, 56D)
Logan Namajunas to second
Batting: LHB Armando Becerra 0-0: Fly out, F9 (Flyball, 89S)
Batting: RHB Eduardo Sánchez 0-0: Swinging Strike
0-1: Swinging Strike
0-2: Foul Ball, location: 2F
0-2: Foul Ball, location: 2F
0-2: Strikes out swinging
Top of the 6th over - 0 run(s), 0 hit(s), 1 error(s), 1 left on base; Sioux Falls 1 - Vermont 2
BOTTOM OF THE 6TH
Vermont Lake Monsters batting - Pitching for Sioux Falls Red Pandas : RHP Louis Webber
Pitching: RHP Taro Ohayashi
Batting: RHB Sean MacKnight 0-0: Ball
1-0: Foul Ball, location: 2F
1-1: Called Strike
1-2: Ball
2-2: Foul Ball, location: 2F
2-2: Ball
3-2: Foul Ball, location: 2F
3-2: Base on Balls
Batting: RHB Bronson Nicholls 0-0: Swinging Strike
0-1: Swinging Strike
0-2: Foul Ball, location: 2F
0-2: Foul Ball, location: 2F
0-2: Strikes out looking
Batting: RHB Domenic Gallard 0-0: Called Strike
0-1: Swinging Strike
0-2: Strikes out looking
Batting: RHB Barkley B. Cooltimes 0-0: Ball
1-0: Ball
2-0: Ball
3-0: Swinging Strike
3-1: Foul Ball, location: 2F
3-2: Fly out, F7 (Flyball, 78M)
Bottom of the 6th over - 0 run(s), 0 hit(s), 0 error(s), 1 left on base; Sioux Falls 1 - Vermont 2
TOP OF THE 7TH
Sioux Falls Red Pandas batting - Pitching for Vermont Lake Monsters : RHP Jurgen Sagebrecht
Batting: RHB Jesús Vásquez 0-0: Foul Ball, location: 2F
0-1: Ball
1-1: Ball
2-1: Ball
3-1: Base on Balls
Batting: RHB Gaston Waller 0-0: Foul Ball, location: 2F
0-1: Ball
1-1: Grounds into double play, 6-4-3 (Groundball, 6)
Batting: SHB Landon Lovelace 0-0: Fly out, F9 (Flyball, 9D)
Top of the 7th over - 0 run(s), 0 hit(s), 0 error(s), 0 left on base; Sioux Falls 1 - Vermont 2
BOTTOM OF THE 7TH
Vermont Lake Monsters batting - Pitching for Sioux Falls Red Pandas : RHP Taro Ohayashi
Batting: RHB Teddy Pelham 0-0: Ball
1-0: Ball
2-0: Called Strike
2-1: Fly out, F9 (Flyball, 9LS)
Batting: RHB Fernando Castro 0-0: Swinging Strike
0-1: Foul Ball, location: 2F
0-2: Foul Ball, location: 2F
0-2: Ball
1-2: Ball
2-2: Ground out 5-3 (Groundball, 56S)
Batting: RHB Rafael Pueblo 0-0: Ground out U3 (Groundball, 34S)
Bottom of the 7th over - 0 run(s), 0 hit(s), 0 error(s), 0 left on base; Sioux Falls 1 - Vermont 2
TOP OF THE 8TH
Sioux Falls Red Pandas batting - Pitching for Vermont Lake Monsters : RHP Jurgen Sagebrecht
Batting: SHB Mauro López 0-0: Ground out 4-3 (Groundball, 34)
Batting: LHB Dave Knight 0-0: Ball
1-0: Ball
2-0: Ground out 1-3 (Groundball, 13)
Batting: RHB Logan Namajunas 0-0: Ball
1-0: Ground out 5-3 (Groundball, 5S)
Top of the 8th over - 0 run(s), 0 hit(s), 0 error(s), 0 left on base; Sioux Falls 1 - Vermont 2
BOTTOM OF THE 8TH
Vermont Lake Monsters batting - Pitching for Sioux Falls Red Pandas : RHP Taro Ohayashi
Pitching: LHP Vincent Bannon
Batting: LHB Tim Hill 0-0: Swinging Strike
0-1: Called Strike
0-2: Strikes out swinging
Batting: SHB Arturo Robles 0-0: Ball
1-0: TRIPLE (Line Drive, 89M)
Batting: RHB Sean MacKnight 0-0: Ball
1-0: Ball
2-0: Called Strike
2-1: Ball
3-1: Base on Balls
Batting: RHB Bronson Nicholls 0-0: Swinging Strike
0-1: Ball
1-1: Ball
2-1: Foul Ball, location: 2F
2-2: Ball
3-2: SINGLE (Line Drive, 7LS)
Arturo Robles scores
Sean MacKnight to second
Pitching: RHP Dave Goode
Pinch Hitting: LHB Manny Valentín 0-0: Ball
1-0: Ball
2-0: Called Strike
2-1: Ball
3-1: Base on Balls
Sean MacKnight to third
Bronson Nicholls to second
Pinch Hitting: LHB Reijiro Sato 0-0: Ball
1-0: Called Strike
1-1: Foul Ball, location: 2F
1-2: Ball
2-2: Ball
3-2: Base on Balls
Sean MacKnight scores
Bronson Nicholls to third
Manny Valentín to second
Pinch Hitting: RHB Ricardo Pacheco 0-0: Ball
1-0: Foul Ball, location: 2F
1-1: Ball
2-1: Ball
3-1: Called Strike
3-2: Grounds into fielders choice 6-2 (Groundball, 6M)
Manny Valentín to third
Reijiro Sato to second
Batting: RHB Fernando Castro 0-0: Fielders Choice at 2nd, 6-4 (Groundball, 6)
Bottom of the 8th over - 2 run(s), 2 hit(s), 0 error(s), 2 left on base; Sioux Falls 1 - Vermont 4
TOP OF THE 9TH
Sioux Falls Red Pandas batting - Pitching for Vermont Lake Monsters : RHP Jurgen Sagebrecht
Pitching: RHP Brian Wheeler
Now at 3B: Roger Wheeler
Now at SS: José Bocanegra
Now in LF: Manny Valentín
Batting: LHB David Martínez 0-0: Ground out 4-3 (Groundball, 4)
Batting: LHB Armando Becerra 0-0: Ball
1-0: Called Strike
1-1: Fly out, F8 (Flyball, 8LS)
Batting: RHB Eduardo Sánchez 0-0: Fly out, F9 (Flyball, 89M)
Top of the 9th over - 0 run(s), 0 hit(s), 0 error(s), 0 left on base; Sioux Falls 1 - Vermont 4
Friday, December 30th, 2016 - OOTP Baseball 17.12 Build 75